 Dungeon Crawl Stone Soup version 0.17-a0-1942-g46ae386 (webtiles) character file.

361 ololoev the Chopper (level 6, 16/56 HPs)
             Began as a Hill Orc Fighter on Sept 30, 2015.
             Quit the game on level 4 of the Dungeon.
             The game lasted 00:04:52 (581 turns).

ololoev the Chopper (Hill Orc Fighter)               Turns: 581, Time: 00:04:52

Health: 16/56      AC: 10    Str: 21      XL:     6   Next: 66%
Magic:  6/6        EV:  9    Int:  8      God:
Gold:   56         SH:  0    Dex:  8 (10) Spells: 0 memorised, 5 levels left

rFire  . . .     SeeInvis .     a - +0 war axe
rCold  . . .     Clarity  .     b - +0 scale mail
rNeg   . . .     SustAt   .     (no shield)
rPois  .         Gourm    .     r - +1 helmet
rElec  .         Spirit   .     s - +0 cloak
rCorr  +         Warding  .     (no gloves)
rMut   .         Stasis   .     (no boots)
MR     .....                    q - amulet of resist corrosion
Stlth  ..........               (no ring)
                                (no ring)

@: mildly poisoned (16 -> 12), very slightly contaminated, not resistant to
hostile enchantments, extremely unstealthy
A: no striking features
a: no special abilities

Inventory:

Hand weapons
 a - a +0 war axe (weapon)
Armour
 b - a +0 scale mail (worn)
 r - a +1 helmet (worn)
 s - a +0 cloak (worn)
Jewellery
 q - an amulet of resist corrosion (around neck)
Scrolls
 g - a scroll of identify
Potions
 m - 3 potions of brilliance
Comestibles
 e - 2 bread rations
 f - 2 chunks of flesh
 i - a beef jerky
 n - a meat ration


   Skills:
 + Level 5.4 Fighting
 * Level 6.6 Axes
 + Level 4.8 Armour
   Level 3.2 Shields


You had 5 spell levels left.
You didn't know any spells.


You were on level 4 of the Dungeon.
You were not hungry.

You visited 1 branch of the dungeon, and saw 4 of its levels.

You collected 56 gold pieces.

#........##***,,,,,,*
#...........,,,,,,,,,
#####.........##**,,,,,,*
#.............# ********
#.#####..####.# *,* #..# #.#
*#######* *,* #..# #.#
*.....∩., *,* #..# #.#
*......., *,*
#.@####.###y......, ***,*
#.......y..y......,
*,*,****##.####.###y......,
***,,...........#.# *.......,
**,,,*.######.##.#.# *....$..,
*,,,,,,*,,,,...*,#.# *.......,
*,,,,,,*,***###*,#.# *.......,
*,,***,,,*,,,,,,,#.#**.......,
*,,+_*,,,*,**,,,,...,,o..#.##*

Notes
Turn   | Place    | Note
--------------------------------------------------------------
     0 | D:1      | ololoev the Hill Orc Fighter began the quest for the Orb.
     0 | D:1      | Reached XP level 1. HP: 19/19 MP: 1/1
    98 | D:1      | Reached XP level 2. HP: 24/27 MP: 2/2
   204 | D:2      | Reached skill level 4 in Fighting
   221 | D:2      | Found a stormy altar of Qazlal.
   366 | D:3      | Reached XP level 3. HP: 29/33 MP: 3/3
   427 | D:3      | Noticed Grinder
   449 | D:3      | Paralysed by Grinder for 5 turns
   470 | D:3      | Paralysed by Grinder for 2 turns
   475 | D:3      | Killed Grinder
   475 | D:3      | Reached skill level 5 in Fighting
   475 | D:3      | Reached skill level 6 in Axes
   475 | D:3      | Reached XP level 4. HP: 22/42 MP: 4/4
   475 | D:3      | Reached XP level 5. HP: 25/48 MP: 5/5
   475 | D:3      | Reached XP level 6. HP: 29/56 MP: 6/6
   573 | D:4      | Found Hizuw's Food Boutique.
   581 | D:4      | Quit the game

Dungeon Overview and Level Annotations

Branches:
Dungeon (4/15)
 Temple: D:4-7

Altars:
Qazlal

Shops:
D:4 %


Message History

An orc comes into view. It is wielding a whip.
Read which item? (? for menu, Esc to quit)
As you read the scroll labeled PIXTOK NAMUNTE, it crumbles to dust.
It is a scroll of identify.
Identify which item? (\ to view known items) (? for menu, Esc to quit)
m - 3 potions of brilliance The orc shouts!
The killer bee stings you but does no damage.
Read which item? (? for menu, Esc to quit)
Okay, then.
The killer bee stings you.
You are poisoned.
The killer bee poisons you! The killer bee barely misses you.
Read which item? (? for menu, Esc to quit)
As you read the scroll labeled ALAIRPH UHIKH, it crumbles to dust.
You feel forgetful for a moment.
It was a scroll of amnesia.
You feel sick.
The killer bee stings you but does no damage.
The killer bee stings you.
Read which item? (? for menu, Esc to quit)
As you read the scroll labeled FYWNUG VEASME, it crumbles to dust.
It is a scroll of enchant armour.
Enchant which item? (? for menu, Esc to quit)
Your +0 helmet glows green for a moment.
You feel sick. The killer bee stings you. The killer bee stings you.
Read which item? (? for menu, Esc to quit)
Blink to where?
Press: ? - help, Dir - move target cursor You are very lightly contaminated with residual magic.
As you read the scroll labeled CAXKUSKI HAOST, it crumbles to dust.
It was a scroll of blinking.
You feel sick.
Read which item? (? for menu, Esc to quit)
As you read the scroll labeled ZUARIPNYICH, it crumbles to dust.
You feel aware of your surroundings.
You sensed 1 altar.
It was a scroll of magic mapping.
Drink which item? (? for menu, Esc to quit)
Okay, then.
Read which item? (? for menu, Esc to quit)
Okay, then.
You aren't carrying any items that can be evoked.
Are you sure you want to abandon this character and quit the game? (Confirm with "yes".)

You could see a killer bee.

Vanquished Creatures
  Grinder (D:3)
  An ogre (D:4)
  A hound (D:4)
  An adder (D:3)
  2 worms
  A ball python (D:3)
  3 hobgoblins
  7 jackals
  A quokka (D:2)
  2 bats (D:1)
  A giant newt (D:2)
  4 goblins
  4 kobolds
  6 rats
35 creatures vanquished.

Action                   |  1- 3 |  4- 6 || total
-------------------------+-------+-------++-------
Melee: War axe           |    98 |    18 ||   116
  Use: Potion            |     5 |     2 ||     7
       Scroll            |       |     5 ||     5

Vault maps used:
D:1:      minmay_arrival_shoal_huts, minmay_misc_feat_alley
D:2:      old_standard_altar, first_bread
D:3:      uniq_grinder
D:4:      kennysheep_mini_moat, serial_shops, shop, grunt_ministairs_10
